 Dungeon Crawl Stone Soup version 0.30-a0-760-g5a9884bb7c (webtiles) character file.

Game seed: 8284917859391291699

1275 MacCMillion the Sneak (level 8, -3/72 HPs)
             Began as a Naga Venom Mage on Feb 11, 2023.
             Was a Follower of Kikubaaqudgha.
             Slain by a howler monkey (4 damage)
             ... on level 6 of the Dungeon.
             The game lasted 00:19:21 (8256 turns).

MacCMillion the Sneak (Naga Venom Mage)             Turns: 8256, Time: 00:19:22

Health: -3/72      AC: -8    Str: 10    XL:     8   Next: 53%
Magic:  13/14      EV: 11    Int: 24    God:    Kikubaaqudgha [*.....]
Gold:   259        SH:  0    Dex: 12    Spells: 9/15 levels left

rFire   . . .      SeeInvis +    e - +0 dagger
rCold   . . .      Faith    .    (no shield)
rNeg    . . .      Spirit   .    a - +0 robe
rPois   +          Reflect  .    (no helmet)
rElec   .          Harm     .    (no cloak)
rCorr   .          Rampage  .    (no gloves)
Will    +....                    (no barding)
Stlth   +++                      (no amulet)
HPRegen 0.32/turn                f - +6 ring of intelligence
MPRegen 0.14/turn                (no ring)

@: corroded, very slow
A: AC +2, large, see invisible, deformed body, poison resistance, slowness 2,
spit poison 1, naga tail 1
a: Spit Poison, Renounce Religion, Unearth Wretches


You were on level 6 of the Dungeon.
You worshipped Kikubaaqudgha.
Kikubaaqudgha was aware of your devotion.
You visited 2 branches of the dungeon, and saw 7 of its levels.

You collected 259 gold pieces.

Inventory:

Hand Weapons
 e - a +0 dagger (weapon)
Missiles
 l - 3 atropa-tipped darts
Armour
 a - a +0 robe (worn)
Magical Staves
 r - a staff of conjuration
Jewellery
 d - a ring of ice
 f - a +6 ring of intelligence (left hand)
 s - a ring of fire
Wands
 p - a wand of iceblast (8)
Scrolls
 c - a scroll of torment {unknown}
 g - a scroll of noise
 k - a scroll of enchant weapon
Potions
 b - 3 potions of magic
 h - 3 potions of might
 i - 2 potions of heal wounds {unknown}
 j - 4 potions of curing {unknown}
 m - a potion of brilliance {unknown}
 o - a potion of berserk rage {unknown}
 q - 2 potions of flight {unknown}


   Skills:
 + Level 4.0 Fighting
 + Level 3.9 Dodging
 + Level 7.3 Stealth
 - Level 4.0 Spellcasting
 - Level 1.0 Transmutations
 - Level 4.0 Air Magic
 - Level 6.0 Poison Magic


You had 9 spell levels left.
You knew the following spells:

 Your Spells              Type           Power      Damage    Failure   Level
a - Sting                 Tmut/Pois      84%        1d7       2%          1
b - Poisonous Vapours     Pois/Air       56%        N/A       1%          2
c - Mephitic Cloud        Conj/Pois/Air  20%        N/A       8%          3

Your spell library contained the following spells:

 Spells                   Type           Power      Damage    Failure   Level
 Spider Form              Tmut/Pois      21%        N/A       7%          3
 Olgreb's Toxic Radiance  Pois           33%        N/A       9%          4
 Kiss of Death            Conj/Necr      16%        2d6       10%         1
 Necrotise                Necr           16%        1d4       10%         1
 Blink                    Tloc           8%         N/A       14%         2
 Ensorcelled Hibernation  Hex/Ice        8%         N/A       14%         2
 Scorch                   Fire           8%         2d5       14%         2
 Sublimation of Blood     Necr           4%         N/A       14%         2
 Vampiric Draining        Necr           4%         2d6       28%         3
 Anguish                  Hex/Necr       2%         N/A       67%         4
 Flame Wave               Conj/Fire      4%         2d5       67%         4
 Manifold Assault         Tloc           4%         N/A       67%         4
 Summon Cactus Giant      Summ           2%         N/A       100%        6
 Storm Form               Tmut/Air       8%         N/A       100%        7


Dungeon Overview and Level Annotations

Branches:
Dungeon (6/15)             Temple (1/1) D:5

Altars:
Ashenzari
Cheibriados
Dithmenos
Elyvilon
Fedhas
Kikubaaqudgha
Makhleb
Ru
Sif Muna
Vehumet
Wu Jian
Xom
Yredelemnul
The Shining One

Shops:
D:2 [

Annotations:
D:4 2 transporters
D:5 Sigmund
D:6 exclusion: 2 gnolls


Innate Abilities, Weirdness & Mutations

Your serpentine skin is tough. (AC +2)
You have supernaturally acute eyesight. (SInv)
Armour fits poorly on your strangely shaped body.
Your system is resistant to poisons. (rPois)
You cover ground very slowly.
You can spit poison.
You have a snake-like lower body.


Message History

Unknown command.
The jelly attacks as you move away! The jelly hits you.
* * * LOW HITPOINT WARNING * * *
You are splashed with acid!
* * * LOW HITPOINT WARNING * * *
The jelly hits you.
* * * LOW HITPOINT WARNING * * *
The acid corrodes you!
You are splashed with acid!
* * * LOW HITPOINT WARNING * * *
Blink to where?
Press: ? - help, Dir - move target, p - jelly A howler monkey comes into view.
As you read the scroll of blinking, it crumbles to dust.
Aiming: Sting (safe; 2% risk of failure)
Press: ? - help, Q - select action, (/) - cycle Shift-Dir - straight line, f - howler monkey
Aim: a howler monkey (wandering, hasn't noticed you, 73% to hit)
The sting hits the howler monkey.
The howler monkey is poisoned.
The howler monkey is moderately wounded.
The howler monkey howls!
Unknown command.
Okay, then.
Magic courses through your body. The howler monkey hits you.
* * * LOW HITPOINT WARNING * * *
Unknown command.
Aiming: Sting (safe; 2% risk of failure)
Press: ? - help, Q - select action, (/) - cycle Shift-Dir - straight line, f/p - howler monkey
Aim: a howler monkey (heavily wounded, poisoned, 73% to hit)
The sting hits the howler monkey.
The howler monkey looks even sicker.
The howler monkey is severely wounded.
The howler monkey misses you. x2
Unknown command.
Aiming: Sting (safe; 2% risk of failure)
Press: ? - help, Q - select action, (/) - cycle Shift-Dir - straight line, f/p - howler monkey
Aim: a howler monkey (severely wounded, very poisoned, 73% to hit)
The sting hits the howler monkey but does no damage.
The howler monkey looks even sicker.
The howler monkey is severely wounded.
The howler monkey hits you.
You die...
Kikubaaqudgha rasps: "You have failed me!
Welcome... death!"

#..........#..#
#..........#..#####
#..........'..#...# . ###
#.†........#..#...# ..##o.
##......##'##..#...# .....
####.......#......#...# #.o.
#..........#..##..##..#... #..
#........h....##..###'#...
.####'###....J..@....##......#...
......).§.≈≈≈≈≈≈≈≈≈.......>..#...
.....(....≈.......≈..........#...
...######.≈.≈≈≈≈≈.≈.####'#####...
...#......≈.≈...≈.≈..............
...#.^....≈.≈._.≈§§§.............
...#......§.≈...≈§§§.............
##'#......≈..≈≈≈≈§...............
........#.≈§.....§≈.##########...


You could see a howler monkey (very poisoned) and a jelly (poisoned).

Vanquished Creatures
  Grinder (D:5)
  2 water moccasins
  An orc warrior (D:5)
  A kobold brigand (D:6)
  A necrophage (D:4)
  A scorpion (D:4)
  4 hounds
  An orc priest (D:5)
  3 jellies
  4 iguanas
  Jessica (D:2)
  An orc wizard (D:3)
  6 adders
  A shadow imp (D:6)
  A white imp (D:5)
  A worm (D:4)
  3 dart slugs
  17 orcs
  5 ball pythons
  9 endoplasms
  4 giant cockroaches
  12 goblins
  7 hobgoblins
  4 jackals (D:1)
  3 kobolds
  10 quokkas
  4 bats
  2 frilled lizards (D:2)
  6 rats
116 creatures vanquished.

Notes
Turn   | Place    | Note
-------+----------+-------------------------------------------
     0 | D:1      | MacCMillion the Naga Venom Mage began the quest for the
                  | Orb.
     0 | D:1      | Reached XP level 1. HP: 15/15 MP: 3/3
   375 | D:1      | Reached XP level 2. HP: 22/22 MP: 3/5
   382 | D:1      | Learned a level 2 spell: Poisonous Vapours
   485 | D:1      | Reached skill level 5 in Poison Magic
  1404 | D:1      | Reached XP level 3. HP: 28/28 MP: 6/6
  1408 | D:1      | Learned a level 3 spell: Mephitic Cloud
  1683 | D:2      | Noticed Jessica
  1690 | D:2      | Killed Jessica
  1691 | D:2      | Reached skill level 1 in Air Magic
  1836 | D:2      | Reached XP level 4. HP: 34/36 MP: 3/7
  2654 | D:2      | Found Heha's Antique Armour Boutique.
  3099 | D:3      | Reached XP level 5. HP: 19/42 MP: 3/8
  4411 | D:4      | Found a transporter.
  4488 | D:5      | Entered Level 5 of the Dungeon
  4661 | D:5      | Noticed Grinder
  4668 | D:5      | Noticed a water moccasin
  4783 | D:5      | Noticed an orc warrior
  4791 | D:5      | Killed an orc warrior
  4792 | D:5      | Reached XP level 6. HP: 43/49 MP: 1/11
  5054 | D:5      | Found a staircase to the Ecumenical Temple.
  5081 | Temple   | Entered the Ecumenical Temple
  5110 | Temple   | Became a worshipper of Kikubaaqudgha
  5331 | D:5      | Killed Grinder
  5332 | D:5      | Reached skill level 1 in Fighting
  5332 | D:5      | Reached skill level 4 in Stealth
  5332 | D:5      | Reached XP level 7. HP: 38/57 MP: 0/13
  5508 | D:4      | Found a transporter.
  5816 | D:5      | Reached skill level 5 in Stealth
  6487 | D:4      | Reached XP level 8. HP: 57/68 MP: 11/14
  7007 | D:5      | Reached skill level 6 in Stealth
  7540 | D:5      | Noticed Sigmund
  7740 | D:6      | Found a radiant altar of Vehumet.
  7770 | D:6      | Found a white marble altar of Elyvilon.
  8036 | D:6      | Reached skill level 7 in Stealth
  8214 | D:6      | Reached * piety under Kikubaaqudgha
  8214 | D:6      | Received a gift from Kikubaaqudgha
  8250 | D:6      | HP: 2/72 [acid (7)]
  8256 | D:6      | Slain by a howler monkey

Illustrated notes

Levels and vault maps discovered:
D:1:      evilmike_arrival_hilbert_curve, layout_loops_corners,
          roderic_serpentine_path
D:2:      layout_rooms, serial_shops, nicolae_shop_behind_doors, uniq_jessica
D:3:      layout_basic
D:4:      gammafunk_steamed_eel, layout_basic
D:5:      layout_basic, minmay_temple_entry_grid, uniq_sigmund, uniq_grinder
D:6:      minmay_bubble_buster, layout_gridville, nicolae_uskayaw_dance_studio,
          mainiacjoe_overflow_concentric_impassable,
          mainiacjoe_overflow_chevrons, mainiacjoe_overflow_alcove_4
Temple:   eino_wide_crystal_templ

Skill      XL: |  1  2  3  4  5  6  7  8 |
---------------+-------------------------+-----
Poison Magic   | 5 6 |  6.0
Air Magic      | 1 3 4 |  4.0
Spellcasting   | 3 4 |  4.0
Fighting       | 1 2 4 |  4.0
Dodging        | 2 3 |  3.9
Stealth        | 4 5 7 |  7.3
Transmutations | |  1.0

Action                     |  1- 3 |  4- 6 |  7- 9 || total
---------------------------+-------+-------+-------++-------
  Melee: Short sword       |     5 |       |       ||     5
         Dagger            |    24 |    46 |    60 ||   130
         Punch             |       |       |     1 ||     1
   Cast: Sting             |    37 |    95 |   112 ||   244
         Poisonous Vapours |     1 |     5 |     9 ||    15
         Mephitic Cloud    |       |     1 |     2 ||     3
Ability: Spit Poison       |     6 |    16 |     9 ||    31
    Use: Scroll            |       |     7 |     1 ||     8
         Potion            |       |       |     2 ||     2
   Stab: Sleeping          |       |     1 |       ||     1
         Confused          |       |     4 |     1 ||     5
 Armour: Robe              |     9 |    12 |    14 ||    35
  Dodge: Dodged            |    21 |    31 |    64 ||   116

Table legend: (Time is in decaauts)
 A = Elapsed time spent in this place.
 B = Non-inter-level travel time spent in this place.
 C = Inter-level travel time spent in this place.
 D = Time resting spent in this place.
 E = Time spent auto-exploring this place.
 F = Levels seen in this place.
 G = Mean time per level.
                   A        B        C        D        E       F      G
               +--------+--------+--------+--------+--------+-----+--------+
         Total |   9782 |   9163 |    619 |   2842 |   4827 |   7 | 1397.4 |
       Dungeon |   9567 |   8948 |    619 |   2704 |   4805 |   6 | 1594.5 |
        Temple |    215 |    215 |      0 |    138 |     22 |   1 |  215.0 |
               +--------+--------+--------+--------+--------+-----+--------+

Top non-repeatable levels by time:
     D:1: 2261 daAuts
     D:5: 2072 daAuts
     D:3: 1783 daAuts
     D:4: 1648 daAuts
     D:2: 1211 daAuts
     D:6: 591 daAuts
  Temple: 215 daAuts
